Workbook

Sheet Summary
A1: Rental Property Cash Flow Summary
A2: Calculated indicators use the monthly forecast entries. Review alerts are prompts for a human check.
A4: Indicator | B4: Calculated Value
A5: Forecast months entered | B5: =COUNT('Cash Flow'!$A$4:$A$123)
A6: Total cash receipts | B6: =IF(COUNT('Cash Flow'!$A$4:$A$123)=0,"",SUM('Cash Flow'!$F$4:$F$123)+SUM('Cash Flow'!$G$4:$G$123))
A7: Operating payments | B7: =IF(COUNT('Cash Flow'!$A$4:$A$123)=0,"",SUM('Cash Flow'!$H$4:$H$123))
A8: Financing payments | B8: =IF(COUNT('Cash Flow'!$A$4:$A$123)=0,"",SUM('Cash Flow'!$I$4:$I$123))
A9: Capital work | B9: =IF(COUNT('Cash Flow'!$A$4:$A$123)=0,"",SUM('Cash Flow'!$J$4:$J$123))
A10: Net cash flow | B10: =IF(COUNT('Cash Flow'!$A$4:$A$123)=0,"",SUM('Cash Flow'!$K$4:$K$123))
A11: Latest ending cash | B11: =IF($B$5=0,"",IFERROR(INDEX('Cash Flow'!$M:$M,3+$B$5),""))
A12: Lowest ending cash | B12: =IF($B$5=0,"",IFERROR(MIN('Cash Flow'!$M$4:INDEX('Cash Flow'!$M:$M,3+$B$5)),""))
A13: Months below reserve | B13: =IF($B$5=0,"",COUNTIF('Cash Flow'!$N$4:$N$123,"Review reserve"))
A14: Average monthly receipts | B14: =IFERROR($B$6/$B$5,"")
A15: Latest reserve check | B15: =IF($B$5=0,"",IF(OR(NOT(ISNUMBER($B$11)),NOT(ISNUMBER(Assumptions!$B$5))),"Review inputs",IF($B$11<Assumptions!$B$5,"Review reserve","At or above reserve")))
A18: Month | B18: Ending Cash
A19: =IF(OR(Assumptions!$B$6<1,'Cash Flow'!$A$4=""),"",'Cash Flow'!$A$4) | B19: =IF(OR(Assumptions!$B$6<1,'Cash Flow'!$A$4=""),"",'Cash Flow'!$M$4)
A20: =IF(OR(Assumptions!$B$6<2,'Cash Flow'!$A$5=""),"",'Cash Flow'!$A$5) | B20: =IF(OR(Assumptions!$B$6<2,'Cash Flow'!$A$5=""),"",'Cash Flow'!$M$5)
A21: =IF(OR(Assumptions!$B$6<3,'Cash Flow'!$A$6=""),"",'Cash Flow'!$A$6) | B21: =IF(OR(Assumptions!$B$6<3,'Cash Flow'!$A$6=""),"",'Cash Flow'!$M$6)
A22: =IF(OR(Assumptions!$B$6<4,'Cash Flow'!$A$7=""),"",'Cash Flow'!$A$7) | B22: =IF(OR(Assumptions!$B$6<4,'Cash Flow'!$A$7=""),"",'Cash Flow'!$M$7)
A23: =IF(OR(Assumptions!$B$6<5,'Cash Flow'!$A$8=""),"",'Cash Flow'!$A$8) | B23: =IF(OR(Assumptions!$B$6<5,'Cash Flow'!$A$8=""),"",'Cash Flow'!$M$8)
A24: =IF(OR(Assumptions!$B$6<6,'Cash Flow'!$A$9=""),"",'Cash Flow'!$A$9) | B24: =IF(OR(Assumptions!$B$6<6,'Cash Flow'!$A$9=""),"",'Cash Flow'!$M$9)
A25: =IF(OR(Assumptions!$B$6<7,'Cash Flow'!$A$10=""),"",'Cash Flow'!$A$10) | B25: =IF(OR(Assumptions!$B$6<7,'Cash Flow'!$A$10=""),"",'Cash Flow'!$M$10)
A26: =IF(OR(Assumptions!$B$6<8,'Cash Flow'!$A$11=""),"",'Cash Flow'!$A$11) | B26: =IF(OR(Assumptions!$B$6<8,'Cash Flow'!$A$11=""),"",'Cash Flow'!$M$11)
A27: =IF(OR(Assumptions!$B$6<9,'Cash Flow'!$A$12=""),"",'Cash Flow'!$A$12) | B27: =IF(OR(Assumptions!$B$6<9,'Cash Flow'!$A$12=""),"",'Cash Flow'!$M$12)
A28: =IF(OR(Assumptions!$B$6<10,'Cash Flow'!$A$13=""),"",'Cash Flow'!$A$13) | B28: =IF(OR(Assumptions!$B$6<10,'Cash Flow'!$A$13=""),"",'Cash Flow'!$M$13)
A29: =IF(OR(Assumptions!$B$6<11,'Cash Flow'!$A$14=""),"",'Cash Flow'!$A$14) | B29: =IF(OR(Assumptions!$B$6<11,'Cash Flow'!$A$14=""),"",'Cash Flow'!$M$14)
A30: =IF(OR(Assumptions!$B$6<12,'Cash Flow'!$A$15=""),"",'Cash Flow'!$A$15) | B30: =IF(OR(Assumptions!$B$6<12,'Cash Flow'!$A$15=""),"",'Cash Flow'!$M$15)
A31: =IF(OR(Assumptions!$B$6<13,'Cash Flow'!$A$16=""),"",'Cash Flow'!$A$16) | B31: =IF(OR(Assumptions!$B$6<13,'Cash Flow'!$A$16=""),"",'Cash Flow'!$M$16)
A32: =IF(OR(Assumptions!$B$6<14,'Cash Flow'!$A$17=""),"",'Cash Flow'!$A$17) | B32: =IF(OR(Assumptions!$B$6<14,'Cash Flow'!$A$17=""),"",'Cash Flow'!$M$17)
A33: =IF(OR(Assumptions!$B$6<15,'Cash Flow'!$A$18=""),"",'Cash Flow'!$A$18) | B33: =IF(OR(Assumptions!$B$6<15,'Cash Flow'!$A$18=""),"",'Cash Flow'!$M$18)
A34: =IF(OR(Assumptions!$B$6<16,'Cash Flow'!$A$19=""),"",'Cash Flow'!$A$19) | B34: =IF(OR(Assumptions!$B$6<16,'Cash Flow'!$A$19=""),"",'Cash Flow'!$M$19)
A35: =IF(OR(Assumptions!$B$6<17,'Cash Flow'!$A$20=""),"",'Cash Flow'!$A$20) | B35: =IF(OR(Assumptions!$B$6<17,'Cash Flow'!$A$20=""),"",'Cash Flow'!$M$20)
A36: =IF(OR(Assumptions!$B$6<18,'Cash Flow'!$A$21=""),"",'Cash Flow'!$A$21) | B36: =IF(OR(Assumptions!$B$6<18,'Cash Flow'!$A$21=""),"",'Cash Flow'!$M$21)
A37: =IF(OR(Assumptions!$B$6<19,'Cash Flow'!$A$22=""),"",'Cash Flow'!$A$22) | B37: =IF(OR(Assumptions!$B$6<19,'Cash Flow'!$A$22=""),"",'Cash Flow'!$M$22)
A38: =IF(OR(Assumptions!$B$6<20,'Cash Flow'!$A$23=""),"",'Cash Flow'!$A$23) | B38: =IF(OR(Assumptions!$B$6<20,'Cash Flow'!$A$23=""),"",'Cash Flow'!$M$23)
A39: =IF(OR(Assumptions!$B$6<21,'Cash Flow'!$A$24=""),"",'Cash Flow'!$A$24) | B39: =IF(OR(Assumptions!$B$6<21,'Cash Flow'!$A$24=""),"",'Cash Flow'!$M$24)
A40: =IF(OR(Assumptions!$B$6<22,'Cash Flow'!$A$25=""),"",'Cash Flow'!$A$25) | B40: =IF(OR(Assumptions!$B$6<22,'Cash Flow'!$A$25=""),"",'Cash Flow'!$M$25)
A41: =IF(OR(Assumptions!$B$6<23,'Cash Flow'!$A$26=""),"",'Cash Flow'!$A$26) | B41: =IF(OR(Assumptions!$B$6<23,'Cash Flow'!$A$26=""),"",'Cash Flow'!$M$26)
A42: =IF(OR(Assumptions!$B$6<24,'Cash Flow'!$A$27=""),"",'Cash Flow'!$A$27) | B42: =IF(OR(Assumptions!$B$6<24,'Cash Flow'!$A$27=""),"",'Cash Flow'!$M$27)

Sheet Cash Flow
A1: Monthly Rental Property Cash Flow Forecast
A2: Enter one month per row in chronological order. Amounts are nonnegative estimates; review flags require a human check.
A3: Month | B3: Property | C3: Unit | D3: Tenancy Status | E3: Description | F3: Rental Receipts | G3: Other Receipts | H3: Operating Payments | I3: Financing Payments | J3: Capital Work | K3: Net Cash Flow | L3: Beginning Cash | M3: Ending Cash | N3: Review Status
A4: 46388 | B4: Fictional Juniper Court | C4: FIC-JC-ALL | D4: Fully occupied | E4: Fictional January cash forecast | F4: 9200 | G4: 150 | H4: 2650 | I4: 3200 | J4: 0 | K4: =IF($A4="","",IFERROR(SUM($F4:$G4)-SUM($H4:$J4),"")) | L4: =IF($A4="","",IF(ISNUMBER(Assumptions!$B$4),Assumptions!$B$4,0)) | M4: =IF($A4="","",IFERROR($L4+$K4,"")) | N4: =IF($A4="","",IF(OR(NOT(ISNUMBER($M4)),NOT(ISNUMBER(Assumptions!$B$5))),"Review inputs",IF($M4<Assumptions!$B$5,"Review reserve","At or above reserve"))) | O4: =Assumptions!D4 | P4: =Assumptions!E4 | Q4: =Assumptions!F4 | S4: =Assumptions!$B$7
A5: 46419 | B5: Fictional Juniper Court | C5: FIC-JC-ALL | D5: Fully occupied | E5: Fictional February cash forecast | F5: 9050 | G5: 0 | H5: 2400 | I5: 3200 | J5: 0 | K5: =IF($A5="","",IFERROR(SUM($F5:$G5)-SUM($H5:$J5),"")) | L5: =IF($A5="","",IFERROR(IF(ISNUMBER(Assumptions!$B$4),Assumptions!$B$4,0)+SUM($K$4:$K4),"")) | M5: =IF($A5="","",IFERROR($L5+$K5,"")) | N5: =IF($A5="","",IF(OR(NOT(ISNUMBER($M5)),NOT(ISNUMBER(Assumptions!$B$5))),"Review inputs",IF($M5<Assumptions!$B$5,"Review reserve","At or above reserve"))) | O5: =Assumptions!D5 | P5: =Assumptions!E5 | Q5: =Assumptions!F5 | S5: =Assumptions!$B$8
A6: 46447 | B6: Fictional Juniper Court | C6: FIC-JC-ALL | D6: Mixed occupancy | E6: Fictional March cash forecast | F6: 9200 | G6: 125 | H6: 3150 | I6: 3200 | J6: 1200 | K6: =IF($A6="","",IFERROR(SUM($F6:$G6)-SUM($H6:$J6),"")) | L6: =IF($A6="","",IFERROR(IF(ISNUMBER(Assumptions!$B$4),Assumptions!$B$4,0)+SUM($K$4:$K5),"")) | M6: =IF($A6="","",IFERROR($L6+$K6,"")) | N6: =IF($A6="","",IF(OR(NOT(ISNUMBER($M6)),NOT(ISNUMBER(Assumptions!$B$5))),"Review inputs",IF($M6<Assumptions!$B$5,"Review reserve","At or above reserve"))) | O6: =Assumptions!D6 | P6: =Assumptions!E6 | Q6: =Assumptions!F6 | S6: =Assumptions!$B$9
A7: 46478 | B7: Fictional Juniper Court | C7: FIC-JC-ALL | D7: Turnover month | E7: Fictional April cash forecast | F7: 6900 | G7: 0 | H7: 2750 | I7: 3200 | J7: 4800 | K7: =IF($A7="","",IFERROR(SUM($F7:$G7)-SUM($H7:$J7),"")) | L7: =IF($A7="","",IFERROR(IF(ISNUMBER(Assumptions!$B$4),Assumptions!$B$4,0)+SUM($K$4:$K6),"")) | M7: =IF($A7="","",IFERROR($L7+$K7,"")) | N7: =IF($A7="","",IF(OR(NOT(ISNUMBER($M7)),NOT(ISNUMBER(Assumptions!$B$5))),"Review inputs",IF($M7<Assumptions!$B$5,"Review reserve","At or above reserve"))) | O7: =Assumptions!D7 | P7: =Assumptions!E7 | Q7: =Assumptions!F7
A8: 46508 | B8: Fictional Juniper Court | C8: FIC-JC-ALL | D8: Mixed occupancy | E8: Fictional May cash forecast | F8: 9300 | G8: 200 | H8: 2350 | I8: 3200 | J8: 0 | K8: =IF($A8="","",IFERROR(SUM($F8:$G8)-SUM($H8:$J8),"")) | L8: =IF($A8="","",IFERROR(IF(ISNUMBER(Assumptions!$B$4),Assumptions!$B$4,0)+SUM($K$4:$K7),"")) | M8: =IF($A8="","",IFERROR($L8+$K8,"")) | N8: =IF($A8="","",IF(OR(NOT(ISNUMBER($M8)),NOT(ISNUMBER(Assumptions!$B$5))),"Review inputs",IF($M8<Assumptions!$B$5,"Review reserve","At or above reserve"))) | O8: =Assumptions!D8 | P8: =Assumptions!E8 | Q8: =Assumptions!F8
A9: 46539 | B9: Fictional Juniper Court | C9: FIC-JC-ALL | D9: Fully occupied | E9: Fictional June cash forecast | F9: 9300 | G9: 0 | H9: 4100 | I9: 3200 | J9: 900 | K9: =IF($A9="","",IFERROR(SUM($F9:$G9)-SUM($H9:$J9),"")) | L9: =IF($A9="","",IFERROR(IF(ISNUMBER(Assumptions!$B$4),Assumptions!$B$4,0)+SUM($K$4:$K8),"")) | M9: =IF($A9="","",IFERROR($L9+$K9,"")) | N9: =IF($A9="","",IF(OR(NOT(ISNUMBER($M9)),NOT(ISNUMBER(Assumptions!$B$5))),"Review inputs",IF($M9<Assumptions!$B$5,"Review reserve","At or above reserve"))) | O9: =Assumptions!D9 | P9: =Assumptions!E9 | Q9: =Assumptions!F9
A10: 46569 | B10: Fictional Juniper Court | C10: FIC-JC-ALL | D10: Fully occupied | E10: Fictional July cash forecast | F10: 9300 | G10: 100 | H10: 2600 | I10: 3200 | J10: 0 | K10: =IF($A10="","",IFERROR(SUM($F10:$G10)-SUM($H10:$J10),"")) | L10: =IF($A10="","",IFERROR(IF(ISNUMBER(Assumptions!$B$4),Assumptions!$B$4,0)+SUM($K$4:$K9),"")) | M10: =IF($A10="","",IFERROR($L10+$K10,"")) | N10: =IF($A10="","",IF(OR(NOT(ISNUMBER($M10)),NOT(ISNUMBER(Assumptions!$B$5))),"Review inputs",IF($M10<Assumptions!$B$5,"Review reserve","At or above reserve"))) | O10: =Assumptions!D10 | P10: =Assumptions!E10 | Q10: =Assumptions!F10
A11: 46600 | B11: Fictional Juniper Court | C11: FIC-JC-ALL | D11: Fully occupied | E11: Fictional August cash forecast | F11: 9300 | G11: 0 | H11: 2450 | I11: 3200 | J11: 0 | K11: =IF($A11="","",IFERROR(SUM($F11:$G11)-SUM($H11:$J11),"")) | L11: =IF($A11="","",IFERROR(IF(ISNUMBER(Assumptions!$B$4),Assumptions!$B$4,0)+SUM($K$4:$K10),"")) | M11: =IF($A11="","",IFERROR($L11+$K11,"")) | N11: =IF($A11="","",IF(OR(NOT(ISNUMBER($M11)),NOT(ISNUMBER(Assumptions!$B$5))),"Review inputs",IF($M11<Assumptions!$B$5,"Review reserve","At or above reserve"))) | O11: =Assumptions!D11 | P11: =Assumptions!E11 | Q11: =Assumptions!F11
A12: 46631 | B12: Fictional Juniper Court | C12: FIC-JC-ALL | D12: Planned vacancy | E12: Fictional September cash forecast | F12: 9300 | G12: 75 | H12: 2900 | I12: 3200 | J12: 2500 | K12: =IF($A12="","",IFERROR(SUM($F12:$G12)-SUM($H12:$J12),"")) | L12: =IF($A12="","",IFERROR(IF(ISNUMBER(Assumptions!$B$4),Assumptions!$B$4,0)+SUM($K$4:$K11),"")) | M12: =IF($A12="","",IFERROR($L12+$K12,"")) | N12: =IF($A12="","",IF(OR(NOT(ISNUMBER($M12)),NOT(ISNUMBER(Assumptions!$B$5))),"Review inputs",IF($M12<Assumptions!$B$5,"Review reserve","At or above reserve"))) | O12: =Assumptions!D12 | P12: =Assumptions!E12 | Q12: =Assumptions!F12
A13: 46661 | B13: Fictional Juniper Court | C13: FIC-JC-ALL | D13: Fully occupied | E13: Fictional October cash forecast | F13: 9450 | G13: 0 | H13: 2550 | I13: 3200 | J13: 0 | K13: =IF($A13="","",IFERROR(SUM($F13:$G13)-SUM($H13:$J13),"")) | L13: =IF($A13="","",IFERROR(IF(ISNUMBER(Assumptions!$B$4),Assumptions!$B$4,0)+SUM($K$4:$K12),"")) | M13: =IF($A13="","",IFERROR($L13+$K13,"")) | N13: =IF($A13="","",IF(OR(NOT(ISNUMBER($M13)),NOT(ISNUMBER(Assumptions!$B$5))),"Review inputs",IF($M13<Assumptions!$B$5,"Review reserve","At or above reserve"))) | O13: =Assumptions!D13 | P13: =Assumptions!E13 | Q13: =Assumptions!F13
A14: 46692 | B14: Fictional Juniper Court | C14: FIC-JC-ALL | D14: Fully occupied | E14: Fictional November cash forecast | F14: 9450 | G14: 0 | H14: 3600 | I14: 3200 | J14: 800 | K14: =IF($A14="","",IFERROR(SUM($F14:$G14)-SUM($H14:$J14),"")) | L14: =IF($A14="","",IFERROR(IF(ISNUMBER(Assumptions!$B$4),Assumptions!$B$4,0)+SUM($K$4:$K13),"")) | M14: =IF($A14="","",IFERROR($L14+$K14,"")) | N14: =IF($A14="","",IF(OR(NOT(ISNUMBER($M14)),NOT(ISNUMBER(Assumptions!$B$5))),"Review inputs",IF($M14<Assumptions!$B$5,"Review reserve","At or above reserve"))) | O14: =Assumptions!D14 | P14: =Assumptions!E14 | Q14: =Assumptions!F14
A15: 46722 | B15: Fictional Juniper Court | C15: FIC-JC-ALL | D15: Mixed occupancy | E15: Fictional December cash forecast | F15: 9450 | G15: 300 | H15: 2800 | I15: 3200 | J15: 6000 | K15: =IF($A15="","",IFERROR(SUM($F15:$G15)-SUM($H15:$J15),"")) | L15: =IF($A15="","",IFERROR(IF(ISNUMBER(Assumptions!$B$4),Assumptions!$B$4,0)+SUM($K$4:$K14),"")) | M15: =IF($A15="","",IFERROR($L15+$K15,"")) | N15: =IF($A15="","",IF(OR(NOT(ISNUMBER($M15)),NOT(ISNUMBER(Assumptions!$B$5))),"Review inputs",IF($M15<Assumptions!$B$5,"Review reserve","At or above reserve"))) | O15: =Assumptions!D15 | P15: =Assumptions!E15 | Q15: =Assumptions!F15
K16: =IF($A16="","",IFERROR(SUM($F16:$G16)-SUM($H16:$J16),"")) | L16: =IF($A16="","",IFERROR(IF(ISNUMBER(Assumptions!$B$4),Assumptions!$B$4,0)+SUM($K$4:$K15),"")) | M16: =IF($A16="","",IFERROR($L16+$K16,"")) | N16: =IF($A16="","",IF(OR(NOT(ISNUMBER($M16)),NOT(ISNUMBER(Assumptions!$B$5))),"Review inputs",IF($M16<Assumptions!$B$5,"Review reserve","At or above reserve"))) | O16: =Assumptions!D16 | P16: =Assumptions!E16 | Q16: =Assumptions!F16
K17: =IF($A17="","",IFERROR(SUM($F17:$G17)-SUM($H17:$J17),"")) | L17: =IF($A17="","",IFERROR(IF(ISNUMBER(Assumptions!$B$4),Assumptions!$B$4,0)+SUM($K$4:$K16),"")) | M17: =IF($A17="","",IFERROR($L17+$K17,"")) | N17: =IF($A17="","",IF(OR(NOT(ISNUMBER($M17)),NOT(ISNUMBER(Assumptions!$B$5))),"Review inputs",IF($M17<Assumptions!$B$5,"Review reserve","At or above reserve"))) | O17: =Assumptions!D17 | P17: =Assumptions!E17 | Q17: =Assumptions!F17
K18: =IF($A18="","",IFERROR(SUM($F18:$G18)-SUM($H18:$J18),"")) | L18: =IF($A18="","",IFERROR(IF(ISNUMBER(Assumptions!$B$4),Assumptions!$B$4,0)+SUM($K$4:$K17),"")) | M18: =IF($A18="","",IFERROR($L18+$K18,"")) | N18: =IF($A18="","",IF(OR(NOT(ISNUMBER($M18)),NOT(ISNUMBER(Assumptions!$B$5))),"Review inputs",IF($M18<Assumptions!$B$5,"Review reserve","At or above reserve"))) | O18: =Assumptions!D18 | P18: =Assumptions!E18 | Q18: =Assumptions!F18
K19: =IF($A19="","",IFERROR(SUM($F19:$G19)-SUM($H19:$J19),"")) | L19: =IF($A19="","",IFERROR(IF(ISNUMBER(Assumptions!$B$4),Assumptions!$B$4,0)+SUM($K$4:$K18),"")) | M19: =IF($A19="","",IFERROR($L19+$K19,"")) | N19: =IF($A19="","",IF(OR(NOT(ISNUMBER($M19)),NOT(ISNUMBER(Assumptions!$B$5))),"Review inputs",IF($M19<Assumptions!$B$5,"Review reserve","At or above reserve"))) | O19: =Assumptions!D19 | P19: =Assumptions!E19 | Q19: =Assumptions!F19
K20: =IF($A20="","",IFERROR(SUM($F20:$G20)-SUM($H20:$J20),"")) | L20: =IF($A20="","",IFERROR(IF(ISNUMBER(Assumptions!$B$4),Assumptions!$B$4,0)+SUM($K$4:$K19),"")) | M20: =IF($A20="","",IFERROR($L20+$K20,"")) | N20: =IF($A20="","",IF(OR(NOT(ISNUMBER($M20)),NOT(ISNUMBER(Assumptions!$B$5))),"Review inputs",IF($M20<Assumptions!$B$5,"Review reserve","At or above reserve"))) | O20: =Assumptions!D20 | P20: =Assumptions!E20 | Q20: =Assumptions!F20
K21: =IF($A21="","",IFERROR(SUM($F21:$G21)-SUM($H21:$J21),"")) | L21: =IF($A21="","",IFERROR(IF(ISNUMBER(Assumptions!$B$4),Assumptions!$B$4,0)+SUM($K$4:$K20),"")) | M21: =IF($A21="","",IFERROR($L21+$K21,"")) | N21: =IF($A21="","",IF(OR(NOT(ISNUMBER($M21)),NOT(ISNUMBER(Assumptions!$B$5))),"Review inputs",IF($M21<Assumptions!$B$5,"Review reserve","At or above reserve"))) | O21: =Assumptions!D21 | P21: =Assumptions!E21 | Q21: =Assumptions!F21
K22: =IF($A22="","",IFERROR(SUM($F22:$G22)-SUM($H22:$J22),"")) | L22: =IF($A22="","",IFERROR(IF(ISNUMBER(Assumptions!$B$4),Assumptions!$B$4,0)+SUM($K$4:$K21),"")) | M22: =IF($A22="","",IFERROR($L22+$K22,"")) | N22: =IF($A22="","",IF(OR(NOT(ISNUMBER($M22)),NOT(ISNUMBER(Assumptions!$B$5))),"Review inputs",IF($M22<Assumptions!$B$5,"Review reserve","At or above reserve"))) | O22: =Assumptions!D22 | P22: =Assumptions!E22 | Q22: =Assumptions!F22
K23: =IF($A23="","",IFERROR(SUM($F23:$G23)-SUM($H23:$J23),"")) | L23: =IF($A23="","",IFERROR(IF(ISNUMBER(Assumptions!$B$4),Assumptions!$B$4,0)+SUM($K$4:$K22),"")) | M23: =IF($A23="","",IFERROR($L23+$K23,"")) | N23: =IF($A23="","",IF(OR(NOT(ISNUMBER($M23)),NOT(ISNUMBER(Assumptions!$B$5))),"Review inputs",IF($M23<Assumptions!$B$5,"Review reserve","At or above reserve"))) | O23: =Assumptions!D23 | P23: =Assumptions!E23 | Q23: =Assumptions!F23
K24: =IF($A24="","",IFERROR(SUM($F24:$G24)-SUM($H24:$J24),"")) | L24: =IF($A24="","",IFERROR(IF(ISNUMBER(Assumptions!$B$4),Assumptions!$B$4,0)+SUM($K$4:$K23),"")) | M24: =IF($A24="","",IFERROR($L24+$K24,"")) | N24: =IF($A24="","",IF(OR(NOT(ISNUMBER($M24)),NOT(ISNUMBER(Assumptions!$B$5))),"Review inputs",IF($M24<Assumptions!$B$5,"Review reserve","At or above reserve"))) | O24: =Assumptions!D24 | P24: =Assumptions!E24 | Q24: =Assumptions!F24
K25: =IF($A25="","",IFERROR(SUM($F25:$G25)-SUM($H25:$J25),"")) | L25: =IF($A25="","",IFERROR(IF(ISNUMBER(Assumptions!$B$4),Assumptions!$B$4,0)+SUM($K$4:$K24),"")) | M25: =IF($A25="","",IFERROR($L25+$K25,"")) | N25: =IF($A25="","",IF(OR(NOT(ISNUMBER($M25)),NOT(ISNUMBER(Assumptions!$B$5))),"Review inputs",IF($M25<Assumptions!$B$5,"Review reserve","At or above reserve"))) | O25: =Assumptions!D25 | P25: =Assumptions!E25 | Q25: =Assumptions!F25
K26: =IF($A26="","",IFERROR(SUM($F26:$G26)-SUM($H26:$J26),"")) | L26: =IF($A26="","",IFERROR(IF(ISNUMBER(Assumptions!$B$4),Assumptions!$B$4,0)+SUM($K$4:$K25),"")) | M26: =IF($A26="","",IFERROR($L26+$K26,"")) | N26: =IF($A26="","",IF(OR(NOT(ISNUMBER($M26)),NOT(ISNUMBER(Assumptions!$B$5))),"Review inputs",IF($M26<Assumptions!$B$5,"Review reserve","At or above reserve"))) | O26: =Assumptions!D26 | P26: =Assumptions!E26 | Q26: =Assumptions!F26
K27: =IF($A27="","",IFERROR(SUM($F27:$G27)-SUM($H27:$J27),"")) | L27: =IF($A27="","",IFERROR(IF(ISNUMBER(Assumptions!$B$4),Assumptions!$B$4,0)+SUM($K$4:$K26),"")) | M27: =IF($A27="","",IFERROR($L27+$K27,"")) | N27: =IF($A27="","",IF(OR(NOT(ISNUMBER($M27)),NOT(ISNUMBER(Assumptions!$B$5))),"Review inputs",IF($M27<Assumptions!$B$5,"Review reserve","At or above reserve"))) | O27: =Assumptions!D27 | P27: =Assumptions!E27 | Q27: =Assumptions!F27
... K123: =IF($A123="","",IFERROR(SUM($F123:$G123)-SUM($H123:$J123),"")) | L123: =IF($A123="","",IFERROR(IF(ISNUMBER(Assumptions!$B$4),Assumptions!$B$4,0)+SUM($K$4:$K122),"")) | M123: =IF($A123="","",IFERROR($L123+$K123,"")) | N123: =IF($A123="","",IF(OR(NOT(ISNUMBER($M123)),NOT(ISNUMBER(Assumptions!$B$5))),"Review inputs",IF($M123<Assumptions!$B$5,"Review reserve","At or above reserve"))) | O123: =Assumptions!D123 | P123: =Assumptions!E123 | Q123: =Assumptions!F123

Sheet Assumptions
A1: Cash Flow Assumptions and Editable Lists
A2: These planning values and fictional lists are editable. Review them for the property forecast being prepared.
A3: Cash Planning Input | B3: Value | D3: Property Choices | E3: Tenancy Choices | F3: Unit Choices
A4: Opening cash | B4: 18000 | D4: Fictional Juniper Court | E4: Fully occupied | F4: FIC-JC-ALL
A5: Minimum cash reserve | B5: 24000 | D5: Fictional Bluebird Flats | E5: Mixed occupancy | F5: FIC-BF-ALL
A6: Chart periods | B6: 12 | D6: Fictional Copper Finch House | E6: Planned vacancy | F6: FIC-CF-ALL
A7: Earliest forecast month | B7: 46023 | D7: Fictional Lantern Row | E7: Turnover month | F7: FIC-LR-ALL
A8: Latest forecast month | B8: 50010 | F8: FIC-PORTFOLIO
A9: Maximum monthly category amount | B9: 1000000
